 Dungeon Crawl Stone Soup version 0.17.1-1-g73c8601 (webtiles) character file.

156 Killerpretzel the Conjurer (level 5, -1/28 HPs)
             Began as a Deep Elf Conjurer on Dec 29, 2015.
             Killed by divine providence
             ... invoked by an orc priest
              (14 damage)
             ... on level 3 of the Dungeon.
             The game lasted 00:09:55 (3128 turns).

Killerpretzel the Conjurer (Deep Elf Conjurer)      Turns: 3128, Time: 00:09:55

Health: -1/28      AC:  2    Str:  6    XL:     5   Next: 15%
Magic:  1/11       EV: 13    Int: 20    God:
Gold:   117        SH:  0    Dex: 15    Spells: 2 memorised, 7 levels left

rFire  . . .     SeeInvis .     n - +1 long sword (elec)
rCold  . . .     Clarity  .     a - +0 robe
rNeg   . . .     SustAt   .     (no shield)
rPois  .         Gourm    .     (no helmet)
rElec  .         Spirit   .     (no cloak)
rCorr  +         Warding  .     (no gloves)
rMut   .         Stasis   .     (no boots)
MR     .....                    s - amulet of resist corrosion
Stlth  ++........               (no ring)
                                (no ring)

@: not resistant to hostile enchantments, unstealthy
A: no striking features
a: no special abilities


You were on level 3 of the Dungeon.
You were hungry.

You visited 1 branch of the dungeon, and saw 3 of its levels.

You collected 117 gold pieces.

Inventory:

Hand Weapons
 i - a +0 dagger
 j - a +0 dagger
 m - a +0 short sword
 n - a +1 long sword of electrocution (weapon)
 q - a +0 hunting sling
 r - a +0 short sword of venom
Missiles
 e - 3 tomahawks (quivered)
 l - 83 stones
Armour
 a - a +0 robe (worn)
 f - a +1 leather armour
 t - a +0 buckler
Jewellery
 s - an amulet of resist corrosion (around neck)
Scrolls
 g - 3 scrolls of enchant armour
 k - 3 scrolls of identify
 u - a scroll of remove curse {unknown}
Potions
 o - a potion of degeneration {unknown}
 p - a potion of agility {unknown}
 w - 2 potions of poison {unknown}
Books
 b - a book of Conjurations

   Spells                             Type                      Level
   a - Magic Dart                     Conjuration                  1
   b - Searing Ray                    Conjuration                  2
   c - Dazzling Spray                 Conjuration/Hexes            3
   d - Fulminant Prism                Conjuration/Hexes            4
   e - Iskenderun's Mystic Blast      Conjuration                  4
   f - Iskenderun's Battlesphere      Conjuration/Charms           5
Comestibles
 c - 3 bread rations
 d - 2 meat rations
 h - a slice of pizza
 v - 6 chunks of flesh


   Skills:
 - Level 2.4 Dodging
 - Level 2.4 Stealth
 - Level 3.0 Spellcasting
 + Level 7.1 Conjurations


You had 7 spell levels left.
You knew the following spells:

 Your Spells              Type           Power        Failure   Level  Hunger
a - Magic Dart            Conj           ####         1%          1    None
b - Searing Ray           Conj           ####..       1%          2    ##.....


Dungeon Overview and Level Annotations

Branches:
Dungeon (3/15)

Altars:


Message History

The orc wizard misses you.
The orc priest calls upon Beogh to heal the orc wizard.
The orc wizard is healed somewhat.
You hit the orc wizard but do no damage.
There is a sudden explosion of sparks!
You kill the orc wizard!
Your Conjurations skill increases to level 7!
You have reached level 5!
You barely miss the goblin. The goblin misses you.
The goblin hits you but does no damage.
You closely miss the goblin.
You are feeling hungry.
The goblin hits you but does no damage.
You closely miss the goblin. The goblin hits you with a dagger.
You slash the goblin!
You kill the goblin!
The orc priest calls down the wrath of Beogh upon you.
Something smites you!
Ouch! That really hurt!
You die...

. ###### .. #.>...
... #....) ....
#..... .8%..
######### #.....
.)....##..##...#
#.....
...8.o)@...#...#
#....)
......##...)..)##
#..... .8...
#####....###.....
....####
##.#..####### ...
...#####.##.# ####
....# ..
#..........# #...
....# .
#.......##.####.##
....#
#......>##........
....#
#.......##....####


You could see an orc priest.

Vanquished Creatures
  An orc wizard (D:3)
  4 adders (D:2)
  An ooze (D:2)
  4 giant geckos
  3 orcs (D:3)
  A ball python (D:2)
  8 bats
  3 giant cockroaches (D:2)
  13 goblins
  11 hobgoblins
  3 jackals (D:3)
  2 quokkas (D:2)
  3 giant newts (D:1)
  9 kobolds
  11 rats
77 creatures vanquished.

Notes
Turn   | Place    | Note
--------------------------------------------------------------
     0 | D:1      | Killerpretzel the Deep Elf Conjurer began the quest for the Orb.
     0 | D:1      | Reached XP level 1. HP: 10/10 MP: 6/6
   465 | D:1      | Reached XP level 2. HP: 15/15 MP: 6/8
   469 | D:1      | Learned a level 2 spell: Searing Ray
   540 | D:1      | Reached skill level 5 in Conjurations
  1048 | D:1      | Reached XP level 3. HP: 19/19 MP: 4/9
  1913 | D:2      | Reached skill level 6 in Conjurations
  1916 | D:2      | Reached XP level 4. HP: 24/24 MP: 4/10
  3124 | D:3      | Reached skill level 7 in Conjurations
  3124 | D:3      | Reached XP level 5. HP: 14/28 MP: 0/11
  3128 | D:3      | Killed from afar by an orc priest

Action                   |  1- 3 |  4- 6 || total
-------------------------+-------+-------++-------
Melee: Long sword        |       |     8 ||     8
 Cast: Magic Dart        |    75 |    71 ||   146
  Use: Scroll            |       |     3 ||     3
  Eat: Chunk             |     3 |     3 ||     6
